 Dungeon Crawl Stone Soup version 0.31.0-12-g77e489cdc1 (webtiles) character file.

Game seed: 14944814966668144944

240 Gadfly the Shooter (level 6, 0/37 HPs)
             Began as a Kobold Hunter on Feb 15, 2024.
             Slain by a water moccasin (7 damage)
             ... on level 4 of the Dungeon.
             The game lasted 00:04:21 (3469 turns).

Gadfly the Shooter (Kobold Hunter)                  Turns: 3469, Time: 00:04:22

Health: 0/37       AC:  4    Str:  8    XL:     6   Next: 30%
Magic:  8/8        EV: 15    Int: 11    God:
Gold:   107        SH:  0    Dex: 20    Spells: 2/5 levels left

rFire   . . .        j - +0 shortbow
rCold   . . .        (shield currently unavailable)
rNeg    . . .        c - +1 leather armour
rPois   .            (no helmet)
rElec   .            (no cloak)
rCorr   .            (no gloves)
SInv    .            (no boots)
Will    .....        (no amulet)
Stlth   +++          (no ring)
HPRegen 0.26/turn    (no ring)
MPRegen 0.11/turn

%: no passive effects
@: brilliant, lethally poisoned (0 -> -6)
A: small, no large weapons, nightstalker 3
a: no special abilities


You were on level 4 of the Dungeon.
You visited 1 branch of the dungeon, and saw 4 of its levels.

You collected 107 gold pieces.

Inventory:

Hand Weapons
 a - a +0 arbalest
 b - a +1 short sword of protection
 j - a +0 shortbow (weapon)
Armour
 c - a +1 leather armour (worn)
Scrolls
 e - a scroll of butterflies
 g - a scroll of immolation
Potions
 f - a potion of attraction


   Skills:
 + Level 3.3 Fighting
 + Level 6.0 Ranged Weapons
 + Level 3.4 Dodging
 - Level 1.3 Stealth
 * Level 3.1 Invocations
 + Level 3.3 Evocations


You had 2 spell levels left.
You knew the following spells:

 Your Spells              Type           Power      Damage    Failure   Level
a - Swiftness             Air            0%         N/A       83%         3

Your spell library contained the following spells:

 Spells                   Type           Power      Damage    Failure   Level
 Sandblast                Erth           0%         2d4       45%         1
 Ensorcelled Hibernation  Hex/Ice        0%         N/A       61%         2
 Scorch                   Fire           0%         2d5       61%         2
 Passwall                 Erth           0%         N/A       83%         3
 Stone Arrow              Conj/Erth      0%         3d7       83%         3
 Animate Armour           Summ/Erth      0%         N/A       99%         4
 Brom's Barrelling Bould  Conj/Erth      0%         2d3       99%         4
 Flame Wave               Conj/Fire      0%         2d4       99%         4
 Summon Cactus Giant      Summ           0%         N/A       100%        6
 Lehudib's Crystal Spear  Conj/Erth      0%         10d2      100%        8


Dungeon Overview and Level Annotations

Branches:
Dungeon (4/15)
 Temple: D:4-7

Altars:


Innate Abilities, Weirdness & Mutations

You are small and have problems with some larger weapons.
You are completely attuned to the shadows.


Message History

The water moccasin bites you.
You shoot an arrow.
The arrow barely misses the water moccasin.
The water moccasin closely misses you.
You shoot an arrow. The arrow misses the water moccasin.
The water moccasin bites you but does no damage.
The water moccasin misses you.
You shoot an arrow.
The arrow closely misses the water moccasin.
The water moccasin misses you.
The water moccasin bites you but does no damage.
You shoot an arrow. The arrow hits the water moccasin.
The water moccasin is heavily wounded.
The water moccasin completely misses you.
The water moccasin bites you.
You are poisoned.
The water moccasin poisons you!
You shoot an arrow.
The arrow barely misses the water moccasin.
You feel very sick.
The water moccasin completely misses you.
You shoot an arrow.
The arrow closely misses the water moccasin.
You feel very sick. The water moccasin bites you. x2
* * * LOW HITPOINT WARNING * * *
You are too injured to fight recklessly!
You are too injured to fight recklessly!
You are too injured to fight recklessly!
Unknown command.
You are too injured to fight recklessly!
It was a potion of brilliance.
You feel clever all of a sudden.
* * * LOW HITPOINT WARNING * * *
You feel very sick. The water moccasin closely misses you.
It was a potion of magic.
Magic courses through your body.
* * * LOW HITPOINT WARNING * * *
You feel sick. The water moccasin bites you!
You die...

... #.# .
#.# .#
####.#...
...S@...#
)...>....
####.##.#
#.# . #.#


You could see a water moccasin.

Vanquished Creatures
  A jelly (D:3)
  Natasha (thrice) (D:2)
  A gnoll (D:3)
  5 adders
  7 ribbon worms
  2 dart slugs (D:1)
  2 orcs (D:3)
  8 bats
  5 endoplasms
  5 giant cockroaches
  4 goblins
  7 hobgoblins
  4 ball pythons
  3 frilled lizards
  3 kobolds
  A rat (D:1)
61 creatures vanquished.

Notes
Turn   | Place    | Note
-------+----------+-------------------------------------------
     0 | D:1      | Gadfly the Kobold Hunter began the quest for the Orb.
     0 | D:1      | Reached XP level 1. HP: 12/12 MP: 1/1
   211 | D:1      | Reached skill level 1 in Evocations
   211 | D:1      | Reached XP level 2. HP: 18/18 MP: 2/2
   216 | D:1      | Reached skill level 1 in Invocations
   436 | D:1      | Reached XP level 3. HP: 22/22 MP: 3/3
   781 | D:2      | Reached XP level 4. HP: 27/27 MP: 5/5
  1002 | D:2      | Found a faded altar of an unknown god.
  1220 | D:2      | Noticed Natasha
  1227 | D:2      | Killed Natasha
  1228 | D:2      | Reached XP level 5. HP: 19/32 MP: 6/6
  1507 | D:2      | Learned a level 3 spell: Swiftness
  1913 | D:2      | Noticed Natasha
  1917 | D:2      | Killed Natasha
  2158 | D:2      | Noticed Natasha
  2163 | D:2      | Killed Natasha
  2931 | D:3      | Reached XP level 6. HP: 25/37 MP: 8/8
  2999 | D:3      | Reached skill level 6 in Ranged Weapons
  3459 | D:4      | Noticed a water moccasin
  3469 | D:4      | Slain by a water moccasin

Illustrated notes

Levels and vault maps discovered:
D:1:      lightli_arrival_farm, layout_basic
D:2:      layout_basic, hellmonk_ecumenical_altar_blasted, uniq_natasha
D:3:      layout_loops_ring, hangedman_feature_mirror
D:4:      layout_loops_ring, nicolae_tso_swordbearing_angel,
          nicolae_qazlal_style_of_elements, serial_glass, glass_columns_a,
          glass_columns_c, uniq_eustachio, uniq_menkaure

Skill      XL: |  1  2  3  4  5  6 |
---------------+-------------------+-----
Evocations     | 1 2 3 |  3.3
Invocations    | 1 2 3 |  3.1
Dodging        | 3 |  3.4
Fighting       | 3 |  3.3
Ranged Weapons | 6 |  6.0
Stealth        | |  1.3

Action                     |  1- 3 |  4- 6 || total
---------------------------+-------+-------++-------
  Melee: Short sword       |     1 |       ||     1
   Fire: Shortbow          |    46 |   153 ||   199
    Use: Scroll            |       |     5 ||     5
         Potion            |       |     2 ||     2
   Stab: Sleeping          |     1 |       ||     1
 Armour: Leather armour    |     9 |    55 ||    64
  Dodge: Dodged            |    23 |    66 ||    89
